 Dungeon Crawl Stone Soup version 0.19.3-4-gbf9329e (webtiles) character file.

818 ChocoTaco the Ruffian (level 7, -6/66 HPs)
             Began as a Troll Monk on Jan 28, 2017.
             Mangled by ChocoTaco's ghost (11 damage)
             ... on level 5 of the Dungeon.
             The game lasted 00:04:41 (3249 turns).

ChocoTaco the Ruffian (Troll Monk)                  Turns: 3249, Time: 00:04:41

Health: -6/66      AC:  6    Str: 22    XL:     7   Next: 62%
Magic:  6/6        EV: 14    Int:  6    God:
Gold:   141        SH: 10    Dex: 17    Spells: 0 memorised, 6 levels left

rFire  . . .     SeeInvis .       - Unarmed
rCold  + . .     Gourm    +     a - +0 robe
rNeg   . . .     Faith    +     s - +0 shield
rPois  .         Spirit   .     (helmet restricted)
rElec  .         Reflect  .     q - +0 cloak
rCorr  .         Harm     .     (gloves unavailable)
MR     .....                    (boots unavailable)
Stlth  +++.......               c - amulet of faith
                                m - ring of protection from cold
                                (no ring)

@: agile
A: unfitting armour, claws 3, fast metabolism 3, gourmand, regeneration 1,
shaggy fur 1, tough skin 2
a: no special abilities


You were on level 5 of the Dungeon.
You were not hungry.

You visited 1 branch of the dungeon, and saw 5 of its levels.

You collected 141 gold pieces.

Inventory:

Armour
 a - a +0 robe (worn)
 q - a +0 cloak (worn)
 s - a +0 shield (worn)
 u - the +0 Maxwell's etheric cage {RegenMP+ *Contam rElec MP+4}
   (You took it off Robin on level 2 of the Dungeon)

   It insulates you from electricity.
   It affects your magic capacity (+4).
   It causes magical contamination when unequipped.
Jewellery
 c - an amulet of faith (around neck)
 g - an uncursed ring of ice
 m - a ring of protection from cold (right claw)
 o - a cursed amulet of inaccuracy {unknown}
Scrolls
 d - 3 scrolls of identify {unknown}
 e - 3 scrolls of magic mapping {unknown}
 h - 2 scrolls of fog {unknown}
 l - a scroll of fear {unknown}
 r - 4 scrolls of remove curse {unknown}
 t - 3 scrolls of immolation {unknown}
 w - a scroll of enchant weapon {unknown}
 x - a scroll of enchant armour {unknown}
 y - 2 scrolls of recharging {unknown}
 C - a scroll of noise {unknown}
Potions
 i - a potion of resistance {unknown}
 j - a potion of might {unknown}
 k - 2 potions of heal wounds {unknown}
 p - 2 potions of degeneration {unknown}
 v - a potion of berserk rage {unknown}
 z - 2 potions of haste {unknown}
 A - a potion of brilliance {unknown}
 B - a potion of flight {unknown}
Comestibles
 b - 5 bread rations
 n - 3 meat rations


   Skills:
 - Level 2.4 Fighting
 - Level 2.4 Dodging
 - Level 1.0 Stealth
 + Level 4.1 Shields
 - Level 7.4 Unarmed Combat


You had 6 spell levels left.
You didn't know any spells.

Dungeon Overview and Level Annotations

Branches:
Dungeon (5/15)
 Temple: D:4-7

Altars:
Ashenzari
Elyvilon
Makhleb
Sif Muna
Trog
Uskayaw

Annotations:
D:5 ChocoTaco's ghost, novice HOFi; Grinder


Innate Abilities, Weirdness & Mutations

You are too large for most types of armour.
You have claws for hands.
Your metabolism is lightning-fast.
You like to eat raw meat.
Your natural rate of healing is unusually fast.
You are covered in fur. (AC +1)
You have very tough skin. (AC +2)


Message History

You barely miss ChocoTaco's ghost.
ChocoTaco's ghost is lightly damaged.
The frilled lizard bites you but does no damage.
ChocoTaco's ghost hits you!
* * * LOW HITPOINT WARNING * * *
You claw ChocoTaco's ghost!
ChocoTaco's ghost is moderately damaged.
The crimson imp blinks!
The frilled lizard bites you but does no damage.
ChocoTaco's ghost hits you!
* * * LOW HITPOINT WARNING * * *
You scratch ChocoTaco's ghost but do no damage.
ChocoTaco's ghost is moderately damaged.
The frilled lizard completely misses you.
You block ChocoTaco's ghost's attack.
You scratch ChocoTaco's ghost.
ChocoTaco's ghost is moderately damaged.
The frilled lizard bites you but does no damage.
ChocoTaco's ghost hits you!
You die...

### #.....### ....
.......# ##......##
.... .......#
###.....# .....
#......# ###...##
.$... #.. ...# ##...#
......#.. ...# #...#
......#5###..# #...#
#...)l#....# ##..#
#ZW@.#..# #...
#ยง####..# #...
#.####..###########..
..............^......
#....##...?...........
......#...........%...
?#.#
...............### .#.
................#
#................#


You could see Grinder, ChocoTaco's ghost, a ball python zombie and a frilled
lizard.

Vanquished Creatures
  Sigmund (D:4)
  An ogre (D:4)
  2 hounds (D:4)
  An orc priest (D:4)
  A centaur skeleton (D:4)
  3 orc wizards
  An iguana (D:5)
  6 worker ants
  A hound skeleton (D:4)
  A worker ant zombie (D:5)
  Robin (D:2)
  5 adders (D:3)
  3 worms
  3 dart slugs (D:2)
  4 leopard geckos
  18 orcs
  2 giant cockroaches (D:3)
  19 goblins
  7 hobgoblins
  3 quokkas (D:4)
  A ball python (D:3)
  7 bats
  3 frilled lizards
  7 kobolds
  A leopard gecko zombie (D:4)
  6 rats
108 creatures vanquished.

Notes
Turn   | Place    | Note
-------+----------+-------------------------------------------
     0 | D:1      | ChocoTaco the Troll Monk began the quest for the Orb.
     0 | D:1      | Reached XP level 1. HP: 22/22 MP: 0/0
   150 | D:1      | Reached XP level 2. HP: 29/29 MP: 1/1
   550 | D:2      | Reached skill level 4 in Unarmed Combat
   654 | D:2      | Noticed Robin
   662 | D:2      | Reached XP level 3. HP: 36/36 MP: 2/2
   680 | D:2      | Killed Robin
  1434 | D:2      | Reached XP level 4. HP: 44/44 MP: 3/3
  1623 | D:2      | Reached skill level 5 in Unarmed Combat
  1866 | D:3      | Found a white marble altar of Elyvilon.
  1938 | D:3      | Reached XP level 5. HP: 45/50 MP: 4/4
  1995 | D:3      | Reached skill level 6 in Unarmed Combat
  2095 | D:3      | Found a deep blue altar of Sif Muna.
  2323 | D:4      | Noticed Sigmund
  2361 | D:3      | Found a shattered altar of Ashenzari.
  2361 | D:3      | Found a burning altar of Makhleb.
  2395 | D:4      | Killed Sigmund
  2395 | D:4      | Reached skill level 7 in Unarmed Combat
  2395 | D:4      | Reached XP level 6. HP: 57/59 MP: 5/5
  2559 | D:4      | Reached skill level 1 in Shields
  2747 | D:4      | Reached XP level 7. HP: 58/66 MP: 6/6
  2826 | D:4      | Found a bloodstained altar of Trog.
  2830 | D:4      | Found a hide-covered altar of Uskayaw.
  3124 | D:5      | Entered Level 5 of the Dungeon
  3218 | D:5      | Noticed Grinder
  3234 | D:5      | Noticed ChocoTaco's ghost (novice HOFi)
  3249 | D:5      | Mangled by ChocoTaco's ghost

Skill      XL: |  1  2  3  4  5  6  7 |
---------------+----------------------+-----
Unarmed Combat | 4 5 7 |  7.4
Shields        | 2 4 |  4.1
Fighting       | |  2.4
Dodging        | |  2.4
Stealth        | |  1.0

Action                   |  1- 3 |  4- 6 |  7- 9 || total
-------------------------+-------+-------+-------++-------
Melee: Unarmed           |   108 |   140 |    66 ||   314
       Punch             |     4 |     1 |       ||     5
  Use: Potion            |       |     1 |     1 ||     2
 Stab: Sleeping          |     1 |     1 |       ||     2
       Distracted        |       |     1 |       ||     1
  Eat: Chunk             |    19 |     8 |       ||    27
Armor: Robe              |    47 |    30 |    21 ||    98
Dodge: Dodged            |    48 |    67 |    34 ||   149
Block: Shield            |       |     6 |    29 ||    35
